 Dungeon Crawl Stone Soup version 0.27-a0-287-gd4424db430 (webtiles) character file.

Game seed: 11366030568886262505

252 dickylongcocking the Firebug (level 6, 0/51 HPs)
             Began as a Hill Orc Fire Elementalist on Feb 8, 2021.
             Succumbed to Crazy Yiuf's poison
             ... on level 2 of the Dungeon.
             The game lasted 00:03:45 (3063 turns).

dickylongcocking the Firebug (HOFE)                 Turns: 3063, Time: 00:03:45

Health: 0/51       AC:  4    Str: 11      XL:     6   Next: 14%
Magic:  4/8        EV: 12    Int: 11 (13) God:
Gold:   139        SH:  0    Dex: 11      Spells: 7/8 levels left

rFire    . . .     SeeInvis .   l - +4 mace (vorpal)
rCold    . . .     Faith    .   (no shield)
rNeg     . . .     Spirit   .   a - +0 robe
rPois    .         Reflect  .   k - +1 hat
rElec    .         Harm     .   (no cloak)
rCorr    .         Rampage  .   (no gloves)
Will     .....     Rnd*Tele +   (no boots)
Stlth    ++........             (no amulet)
HPRegen  0.17/turn              c - -4 ring of intelligence (curse)
MPRegen  0.11/turn              e - ring of teleportation (curse)

@: lethally poisoned (0 -> -6), flying
A: talons 1, rugged brown scales 1, wild magic 1
a: no special abilities


You were on level 2 of the Dungeon.
You visited 1 branch of the dungeon, and saw 2 of its levels.

You collected 139 gold pieces.

Inventory:

Hand Weapons
 b - a +0 mace
 j - a +0 whip
 l - a +4 vorpal mace (weapon)
Armour
 a - a +0 robe (worn)
 k - a +1 hat (worn)
Jewellery
 c - a cursed -4 ring of intelligence (left hand)
 e - a cursed ring of teleportation (right hand)
Scrolls
 f - 2 scrolls of teleportation
 g - a scroll of identify
 h - a scroll of fog
 n - a scroll of enchant armour


   Skills:
 * Level 2.6 Fighting
 * Level 2.3 Maces & Flails
 - Level 1.9 Dodging
 - Level 1.7 Stealth
 - Level 1.7 Spellcasting
 * Level 2.9 Conjurations
 * Level 4.8 Fire Magic


You had 7 spell levels left.
You knew the following spells:

 Your Spells              Type           Power        Failure   Level
a - Foxfire               Conj/Fire      48%          10%         1

Your spell library contained the following spells:

 Spells                   Type           Power        Failure   Level
 Conjure Flame            Conj/Fire      12%          26%         3
 Inner Flame              Hex/Fire       8%           41%         3
 Sticky Flame             Conj/Fire      12%          61%         4
 Fireball                 Conj/Fire      6%           90%         5


Dungeon Overview and Level Annotations

Branches:
Dungeon (2/15)

Altars:


Innate Abilities, Weirdness & Mutations

You have sharp toenails.
You are partially covered in rugged brown scales. (AC +1, +3% HP)
Your spells are a little harder to cast, but a little more powerful.


Message History

Unknown command.
Unknown command.
Unknown command.
You barely miss Crazy Yiuf. You claw Crazy Yiuf.
You kill Crazy Yiuf!
* * * LOW HITPOINT WARNING * * *
You feel sick.
Unknown command.
Unknown command.
Unknown command.
You aren't carrying any potions.
Unknown command.
Unknown command.
There is a lethal amount of poison in your body!
There is a lethal amount of poison in your body!
Sorry, you're not good enough to have a special ability.
Unknown command.
You aren't carrying any items that you can evoke.
Unknown command.
You die...

##....^..# #...#
#######..
#.......# #####
#........
#.#######
#.####### #.# #.#
### #.# ###
♣♣###.# #)..#♣♣
♣♣P....#
#...'.♣♣♣♣.P....#
#...#♣@.♣.PP...##
### ♣♣♣.♣....##
♣♣♣♣♣###


There were no monsters in sight!

Vanquished Creatures
  Crazy Yiuf (D:2)
  Natasha (thrice) (D:2)
  Terence (D:2)
  Robin (D:2)
  3 adders (D:2)
  3 worms (D:2)
  3 dart slugs
  4 leopard geckos
  A ball python (D:1)
  2 bats (D:1)
  3 giant cockroaches (D:2)
  11 hobgoblins
  6 jackals (D:2)
  A quokka (D:2)
  A frilled lizard (D:1)
  10 goblins
  6 kobolds
  12 rats
72 creatures vanquished.

Vanquished Creatures (others)
  133 foxfires
133 creatures vanquished.

Grand Total: 205 creatures vanquished

Notes
Turn   | Place    | Note
-------+----------+-------------------------------------------
     0 | D:1      | dickylongcocking the Hill Orc Fire Elementalist began the
                  | quest for the Orb.
     0 | D:1      | Reached XP level 1. HP: 14/14 MP: 3/3
   313 | D:1      | Reached XP level 2. HP: 20/20 MP: 1/4
   881 | D:1      | Reached XP level 3. HP: 26/26 MP: 3/5
  1387 | D:2      | Reached skill level 4 in Fire Magic
  1635 | D:2      | Reached XP level 4. HP: 29/34 MP: 1/6
  1772 | D:2      | Reached skill level 1 in Fighting
  1895 | D:2      | Reached skill level 1 in Maces & Flails
  1993 | D:2      | Noticed Natasha
  1994 | D:2      | Noticed Terence
  2013 | D:2      | Gained mutation: You have sharp toenails. [potion of
                  | mutation]
  2013 | D:2      | Gained mutation: Your spells are a little harder to cast,
                  | but a little more powerful. [potion of mutation]
  2013 | D:2      | Gained mutation: You are partially covered in rugged brown
                  | scales. (AC +1, +3% HP) [potion of mutation]
  2025 | D:2      | Killed Natasha
  2045 | D:2      | Killed Terence
  2046 | D:2      | Reached XP level 5. HP: 18/42 MP: 0/7
  2051 | D:2      | Noticed Natasha
  2406 | D:2      | Killed Natasha
  2516 | D:2      | Noticed Robin
  2519 | D:2      | Noticed Natasha
  2543 | D:2      | Killed Natasha
  2572 | D:2      | Killed Robin
  2757 | D:2      | Found a runed translucent door.
  2758 | D:2      | Noticed Crazy Yiuf
  2835 | D:2      | Reached XP level 6. HP: 49/51 MP: 8/8
  3061 | D:2      | HP: 2/51 [Crazy Yiuf/+4 quarterstaff of chaos (7)]
  3062 | D:2      | Killed Crazy Yiuf
  3063 | D:2      | Succumbed to Crazy Yiuf's poison

Illustrated notes

Levels and vault maps discovered:
D:1:      wander_arrival_fairy_ring, layout_rooms, minmay_rat_gold_closets
D:2:      layout_basic, uniq_crazy_yiuf_cottage, uniq_terence, uniq_robin,
          uniq_natasha

Skill      XL: |  1  2  3  4  5 |
---------------+----------------+-----
Fire Magic     | 4 |  4.8
Fighting       | 1 2 |  2.6
Conjurations   | 2 |  2.9
Maces & Flails | 1 2 |  2.3
Dodging        | |  1.9
Stealth        | |  1.7
Spellcasting   | |  1.7

Action                   |  1- 3 |  4- 6 || total
-------------------------+-------+-------++-------
Melee: Unarmed           |     2 |       ||     2
       Mace              |    37 |    73 ||   110
       Whip              |     2 |       ||     2
       Kick              |       |     6 ||     6
 Cast: Foxfire           |    51 |    45 ||    96
  Use: Scroll            |     2 |     3 ||     5
       Potion            |       |     5 ||     5
 Stab: Sleeping          |     3 |     1 ||     4
Armor: Robe              |    12 |    10 ||    22
       Skin              |       |    71 ||    71
Dodge: Dodged            |    45 |    53 ||    98

Table legend: (Time is in decaauts)
 A = Elapsed time spent in this place.
 B = Non-inter-level travel time spent in this place.
 C = Inter-level travel time spent in this place.
 D = Time resting spent in this place.
 E = Time spent auto-exploring this place.
 F = Levels seen in this place.
 G = Mean time per level.
                   A        B        C        D        E       F      G
               +--------+--------+--------+--------+--------+-----+--------+
         Total |   3080 |   3040 |     40 |     50 |   2358 |   2 | 1540.0 |
       Dungeon |   3080 |   3040 |     40 |     50 |   2358 |   2 | 1540.0 |
               +--------+--------+--------+--------+--------+-----+--------+

Top non-repeatable levels by time:
     D:2: 1863 daAuts
     D:1: 1217 daAuts
